 Dungeon Crawl Stone Soup version 0.30-a0-883-g5ad918d77d (webtiles) character file.

Game seed: 6939629005304704891

140 bobarctor the Grave Robber (level 5, -4/35 HPs)
             Began as a Demonspawn Necromancer on Mar 16, 2023.
             Slain by Grinder (6 damage)
             ... on level 3 of the Dungeon.
             The game lasted 00:09:12 (2300 turns).

bobarctor the Grave Robber (Demonspawn Necromancer) Turns: 2300, Time: 00:09:13

Health: -4/35      AC:  6    Str:  9    XL:     5   Next: 2%
Magic:  9/10       EV: 16    Int: 18    God:
Gold:   15         SH:  4    Dex: 15    Spells: 6/11 levels left

rFire   . . .      SeeInvis .    h - +1 whip (elec)
rCold   . . .      Faith    .    (no shield)
rNeg    . . .      Spirit   .    p - +1 leather armour of Sloth {Dex+2}
rPois   .          Reflect  .    o - +0 hat
rElec   .          Rampage  .    t - +0 cloak
rCorr   .                        e - +0 pair of gloves
Will    .....                    (no boots)
Stlth   ++                       (no amulet)
HPRegen 0.25/turn                (no ring)
MPRegen 0.12/turn                (no ring)

@: mighty, agile
A: powered by pain 1, condensation shield, weakness stinger 1
a: no special abilities


You were on level 3 of the Dungeon.
You visited 1 branch of the dungeon, and saw 3 of its levels.

You collected 190 gold pieces.
You spent 175 gold pieces at shops.

Inventory:

Hand Weapons
 g - a +0 club
 h - a +1 whip of electrocution (weapon)
 m - a +4 dagger
 n - a +1 vampiric war axe
 s - a +3 quarterstaff of chaos
 v - a +1 hand axe of freezing
Armour
 a - a +0 robe
 e - a +0 pair of gloves (worn)
 o - a +0 hat (worn)
 p - the +1 leather armour of Sloth (worn) {Dex+2}
   (You bought it in a shop on level 3 of the Dungeon)

   Dex:       It affects your dexterity (+2).
 t - a +0 cloak (worn)
 x - a +2 robe
Jewellery
 c - a ring of fire
Scrolls
 f - 3 scrolls of identify {unknown}
 j - a scroll of enchant weapon {unknown}
 k - a scroll of poison {unknown}
 q - a scroll of butterflies {unknown}
 w - a scroll of noise {unknown}
 y - 2 scrolls of teleportation {unknown}
Potions
 b - a potion of magic
 d - a potion of resistance {unknown}
 i - a potion of brilliance {unknown}
 l - a potion of might
 r - a potion of lignification {unknown}
 u - a potion of degeneration {unknown}


   Skills:
 + Level 2.0 Dodging
 + Level 2.2 Stealth
 * Level 3.7 Spellcasting
 + Level 5.5 Necromancy


You had 6 spell levels left.
You knew the following spells:

 Your Spells              Type           Power      Damage    Failure   Level
a - Necrotise             Necr           92%        1d8       2%          1
b - Vampiric Draining     Necr           23%        2d7       7%          3
c - Magic Dart            Conj           12%        1d3       22%         1

Your spell library contained the following spells:

 Spells                   Type           Power      Damage    Failure   Level
 Animate Dead             Necr           23%        N/A       22%         4
 Searing Ray              Conj           6%         2d4       32%         2
 Agony                    Necr           23%        N/A       52%         5
 Stone Arrow              Conj/Erth      6%         3d7       54%         3
 Animate Armour           Summ/Erth      6%         N/A       91%         4
 Fulminant Prism          Conj/Hex       1%         3d5       91%         4
 Lehudib's Crystal Spear  Conj/Erth      1%         10d2      100%        8


Dungeon Overview and Level Annotations

Branches:
Dungeon (3/15)

Altars:

Shops:
D:3 [

Annotations:
D:3 Grinder


Innate Abilities, Weirdness & Mutations

You sometimes gain a little power by taking damage.
A meltable shield of frost defends you. (SH +4)
You have a small tail.


Message History

Grinder shouts!
Grinder blinks!
Grinder gestures at you. Pain shoots through your body!
You focus on the pain.
You feel agile all of a sudden.
Grinder blinks!
Grinder blinks!
Grinder gestures at you.
You suddenly lose the ability to move!
Grinder blinks!
Grinder hits you.
You writhe in agony.
You can move again.
There is a stone staircase leading down, spattered with blood here.
You see here a +0 dagger.
Casting: Necrotise (safe; 2% risk of failure)
Confirm with . or Enter, or press ? or * to list all spells.
Okay, then.
Sorry, you're not good enough to have a special ability.
Casting: Necrotise (safe; 2% risk of failure)
Confirm with . or Enter, or press ? or * to list all spells.
Aiming: Magic Dart (safe; 22% risk of failure)
Press: ? - help, Shift-Dir - straight line, f - Grinder
Aim: Grinder (100% to hit)
The magic dart hits Grinder.
Grinder is lightly wounded.
Grinder barely misses you.
You closely miss Grinder. You tail-slap Grinder. Your punch misses Grinder.
Grinder is lightly wounded.
Grinder barely misses you.
You hit Grinder.
Grinder is lightly wounded.
Grinder hits you!
* * * LOW HITPOINT WARNING * * *
You writhe in agony.
* * * LOW HITPOINT WARNING * * *
Unknown command.
It was a potion of might.
You feel very mighty all of a sudden. Grinder hits you.
You die...

######## #......#
##########......#
#........@5.....+
#.####..........#
#.##.#..........#######..
#....#...................
####.#####......#######ยง.
#....##......#
####.######### #.#
##'######


You could see Grinder.

Vanquished Creatures
  Crazy Yiuf (D:3)
  Jessica (D:3)
  3 adders
  2 worms (D:3)
  A dart slug (D:1)
  5 orcs (D:3)
  2 bats
  4 endoplasms
  4 giant cockroaches
  2 goblins (D:1)
  A hobgoblin (D:2)
  2 jackals (D:1)
  4 ball pythons
  A frilled lizard (D:1)
  9 kobolds
  3 rats
45 creatures vanquished.

Vanquished Creatures (collateral kills)
  An endoplasm (D:2)
1 creature vanquished.

Grand Total: 46 creatures vanquished

Notes
Turn   | Place    | Note
-------+----------+-------------------------------------------
     0 | D:1      | bobarctor the Demonspawn Necromancer began the quest for
                  | the Orb.
     0 | D:1      | Reached XP level 1. HP: 13/13 MP: 3/3
   224 | D:1      | Discovered your monstrous ancestry.
   224 | D:1      | Gained mutation: You have a small tail. [demonic ancestry]
   224 | D:1      | Reached XP level 2. HP: 19/19 MP: 1/5
   554 | D:1      | Found a faded altar of an unknown god.
   664 | D:1      | Reached skill level 5 in Necromancy
  1121 | D:2      | Reached XP level 3. HP: 24/24 MP: 6/6
  1223 | D:2      | Learned a level 3 spell: Vampiric Draining
  1225 | D:2      | Learned a level 1 spell: Magic Dart
  1794 | D:3      | Found Lujiamoce's Antique Armour Emporium.
  1798 | D:3      | Bought a masterwork leather armour for 175 gold pieces
  1798 | D:3      | Identified the +1 leather armour of Sloth {Dex+2} (You
                  | bought it in a shop on level 3 of the Dungeon)
  2012 | D:3      | Found a runed translucent door.
  2013 | D:3      | Noticed Crazy Yiuf
  2020 | D:3      | Killed Crazy Yiuf
  2021 | D:3      | Gained mutation: You sometimes gain a little power by
                  | taking damage. [demonic ancestry]
  2021 | D:3      | Reached XP level 4. HP: 30/30 MP: 3/8
  2210 | D:3      | Noticed Jessica
  2221 | D:3      | Killed Jessica
  2222 | D:3      | Gained mutation: A meltable shield of frost defends you.
                  | (SH +4) [demonic ancestry]
  2222 | D:3      | Reached XP level 5. HP: 22/35 MP: 3/10
  2284 | D:3      | Noticed Grinder
  2292 | D:3      | Paralysed by Grinder for 5 turns
  2300 | D:3      | Slain by Grinder

Illustrated notes

Levels and vault maps discovered:
D:1:      matt_arrival_diagonals, layout_loops_ring,
          ebering_ecumenical_altar_mist
D:2:      layout_basic, corexii_shack
D:3:      layout_basic, serial_shops, nicolae_shop_crystal, serial_bayou_pond_e,
          chequers_serial_rivers_micro_b, uniq_jessica, uniq_crazy_yiuf_cottage,
          uniq_grinder

Skill      XL: |  1  2  3  4 |
---------------+-------------+-----
Necromancy     | 5 |  5.5
Stealth        | 2 |  2.2
Spellcasting   | 3 |  3.7
Dodging        | 2 |  2.0

Action                     |  1- 3 |  4- 6 || total
---------------------------+-------+-------++-------
  Melee: Whip              |    71 |    20 ||    91
         Tailslap          |     3 |     5 ||     8
         Punch             |     2 |       ||     2
   Cast: Necrotise         |    46 |    10 ||    56
         Magic Dart        |     2 |     1 ||     3
    Use: Potion            |       |     1 ||     1
   Stab: Sleeping          |     2 |       ||     2
 Armour: Robe              |    15 |       ||    15
         Leather armour    |     1 |     6 ||     7
  Dodge: Dodged            |    58 |     9 ||    67

Table legend: (Time is in decaauts)
 A = Elapsed time spent in this place.
 B = Non-inter-level travel time spent in this place.
 C = Inter-level travel time spent in this place.
 D = Time resting spent in this place.
 E = Time spent auto-exploring this place.
 F = Levels seen in this place.
 G = Mean time per level.
                   A        B        C        D        E       F      G
               +--------+--------+--------+--------+--------+-----+--------+
         Total |   2307 |   2257 |     50 |    283 |   1493 |   3 |  769.0 |
       Dungeon |   2307 |   2257 |     50 |    283 |   1493 |   3 |  769.0 |
               +--------+--------+--------+--------+--------+-----+--------+

Top non-repeatable levels by time:
     D:1: 982 daAuts
     D:2: 761 daAuts
     D:3: 563 daAuts
